Map: Cyber Forest LE

Players

PtitDrogo - Winner!

  • Race: Protoss Protoss
  • Spawn Location: 11:00

Has

  • Race: Protoss Protoss
  • League: Diamond
  • Spawn Location: 5:00

Event: 2019 WCS Spring

VOD

Have the link to the VOD?

Description

Time

  • Played on: May 17, 2019, 1:21 p.m.
  • Length: 3:09

All games in this series

Show
View Real Time Build Order
Export as new Build Order

PtitDrogo Protoss - Winner!

Build Orders:  

Get SALT Encoding   

  12  0:00  Probe  
  13  0:12  Probe  
  14  0:17  Pylon  
  14  0:23  Probe  
  15  0:31  Probe  
  15  0:37  Gateway  
  15  0:40  Probe  
  16  0:45  Assimilator  
  17  0:51  Probe  
  17  0:53  Assimilator  
  18  1:03  Probe  
  19  1:09  Gateway  
  19  1:16  Probe  
  20  1:18  Zealot  
  22  1:26  Cybernetics Core  
  22  1:34  Pylon  
  22  1:48  Gateway  
  22  1:56  Stalker  
  22  2:03  Stalker  
  26  2:11  Shield Battery  
  24  2:17  Shield Battery  
  24  2:28  Stalker  
  28  2:44  Gateway  
  28  3:05  Robotics Facility  
  26  3:07  Gateway x2  
Show
View Real Time Build Order
Export as new Build Order

Has Protoss 

Build Orders:  

Get SALT Encoding   

  12  0:02  Probe  
  14  0:14  Probe  
  14  0:23  Pylon  
  14  0:38  Pylon  
  14  0:56  Gateway  
  14  0:57  Gateway  
  14  1:03  Forge  
  15  1:16  Pylon  
  14  1:34  Zealot  
  14  1:35  Zealot  
  14  1:38  Photon Cannon  
  18  1:53  Photon Cannon  
  18  1:57  Zealot  
  18  2:00  Zealot  
  22  2:14  Photon Cannon  
  22  2:24  Photon Cannon  
  22  2:39  Pylon  
  22  2:42  Zealot  
  22  2:59  Photon Cannon  
Tags
 
Add a new tag
Caveats
  • Supply blocks, unpowered buildings, or Contaminate may cause inaccurate times.
  • Supply counts are checked every 10 seconds.